 Dungeon Crawl Stone Soup version 0.30-a0-571-gdf30a72648 (webtiles) character file.

Game seed: 6715975301096578474

15856 Jase the Devastator (level 12, -3/66 HPs)
             Began as a Tengu Conjurer on Dec 30, 2022.
             Was a Priest of Vehumet.
             Slain by a blink frog (11 damage)
             ... on level 2 of the Lair of Beasts.
             The game lasted 01:15:47 (14731 turns).

Jase the Devastator (Tengu Conjurer)               Turns: 14731, Time: 01:15:48

Health: -3/66      AC:  8    Str:  8    XL:     12   Next: 31%
Magic:  6/27       EV: 22    Int: 23    God:    Vehumet [***...]
Gold:   903        SH:  0    Dex: 13    Spells: 17/31 levels left

rFire   . . .      SeeInvis .    a - +5 scimitar (freeze)
rCold   + . .      Faith    .    (no shield)
rNeg    . . .      Spirit   .    G - +1 steam dragon scales
rPois   .          Reflect  .    (helmet restricted)
rElec   .          Harm     .    y - +0 cloak
rCorr   .          Rampage  .    q - +0 pair of gloves
Will    .....                    (boots unavailable)
Stlth   ++                       (no amulet)
HPRegen 0.31/turn                D - +5 ring of evasion
MPRegen 0.20/turn                O - ring of protection from cold

@: flying quickly and evasively, quick
A: beak, talons 3, nimble flight
a: Renounce Religion


You were on level 2 of the Lair of Beasts.
You worshipped Vehumet.
Vehumet was most pleased with you.
You visited 3 branches of the dungeon, and saw 13 of its levels.

You collected 903 gold pieces.

Inventory:

Hand Weapons
 a - a +5 scimitar of freezing (weapon)
 b - a +3 scimitar of flaming
 c - a +2 quarterstaff of chaos
 d - a +2 short sword of venom
 N - a +5 long sword
Missiles
 h - 3 javelins
 r - 17 poisoned darts
 z - 4 curare-tipped darts
 C - 3 boomerangs of dispersal
 M - a throwing net
Armour
 k - a +1 robe of willpower
 q - a +0 pair of gloves (worn)
 y - a +0 cloak (worn)
 G - +1 steam dragon scales (worn)
Magical Staves
 L - a staff of air
Jewellery
 D - a +5 ring of evasion (left hand)
 O - a ring of protection from cold (right hand)
Wands
 e - a wand of mindburst (9)
 x - a wand of quicksilver (2)
 E - a wand of flame (12)
 I - a wand of iceblast (12)
 K - a wand of paralysis (7)
 P - a wand of polymorph (3)
Scrolls
 f - 2 scrolls of enchant armour
 g - 7 scrolls of teleportation
 l - 2 scrolls of blinking
 m - 4 scrolls of fear
 n - a scroll of summoning
 o - 2 scrolls of enchant weapon
 s - a scroll of silence {unknown}
 v - a scroll of vulnerability
 A - a scroll of torment {unknown}
 B - a scroll of noise {unknown}
 F - 4 scrolls of magic mapping
 H - 4 scrolls of poison
Potions
 i - 11 potions of curing
 j - 3 potions of mutation
 p - 4 potions of attraction
 t - 2 potions of ambrosia
 u - a potion of haste
 w - 4 potions of heal wounds
 J - 2 potions of brilliance
 Q - a potion of lignification


   Skills:
 - Level 4.0 Fighting
 - Level 7.0 Dodging
 - Level 2.0 Stealth
 - Level 10.0 Spellcasting
 + Level 18.9 Conjurations
 - Level 2.0 Hexes
 - Level 2.0 Translocations


You had 17 spell levels left.
You knew the following spells:

 Your Spells              Type           Power      Damage    Failure   Level
a - Magic Dart            Conj           100%       1d8       0%          1
b - Searing Ray           Conj           100%       2d8       0%          2
c - Fulminant Prism       Conj/Hex       28%        3d14      1%          4
d - Iskenderun's Mystic   Conj/Tloc      56%        2d12      1%          4
e - Stone Arrow           Conj/Erth      100%       3d13      1%          3

Your spell library contained the following spells:

 Spells                   Type           Power      Damage    Failure   Level
 Hailstorm                Conj/Ice       53%        3d12      1%          3
 Dazzling Flash           Conj/Hex       100%       N/A       1%          3
 Mephitic Cloud           Conj/Pois/Air  40%        N/A       1%          3
 Blink                    Tloc           40%        N/A       3%          2
 Beastly Appendage        Tmut           22%        N/A       5%          1
 Necrotise                Necr           44%        1d6       5%          1
 Ensorcelled Hibernation  Hex/Ice        32%        N/A       5%          2
 Gell's Gravitas          Tloc           20%        N/A       8%          3
 Lesser Beckoning         Tloc           40%        N/A       8%          3
 Teleport Other           Tloc           20%        N/A       8%          3
 Call Imp                 Summ           11%        N/A       9%          2
 Passwall                 Tmut/Erth      9%         N/A       9%          2
 Wereblood                Tmut           11%        N/A       9%          2
 Spider Form              Tmut/Pois      11%        N/A       17%         3
 Swiftness                Air            11%        N/A       17%         3
 Vampiric Draining        Necr           11%        2d6       17%         3
 Manifold Assault         Tloc           20%        N/A       24%         4
 Agony                    Necr           11%        N/A       83%         5
 Storm Form               Tmut/Air       5%         N/A       100%        7


Dungeon Overview and Level Annotations

Branches:
Dungeon (10/15)            Temple (1/1) D:5            Lair (2/5) D:10
  Snake (0/4) Lair:2
  Swamp: Lair:2-3    Shoals: Lair:2-3       Orc: D:9-12

Altars:
Ashenzari
Cheibriados
Dithmenos
Elyvilon
Fedhas
Gozag
Hepliaklqana
Kikubaaqudgha
Makhleb
Nemelex Xobeh
Okawaru
Qazlal
Ru
Sif Muna
Trog
Uskayaw
Vehumet
Wu Jian
Xom
Yredelemnul
Zin
The Shining One

Shops:
D:10 *


Innate Abilities, Weirdness & Mutations

You have a beak for a mouth.
You have claws for feet.
Your magical nature lets you fly swiftly and evasively.


Message History

The blink frog is knocked back by the mystic blast.
You hear a croak.
The blink frog closely misses you.
You barely miss the blink frog. Your kick misses the blink frog.
The blink frog is heavily wounded.
The blink frog hits you but does no damage.
The blink frog hits you!
You closely miss the blink frog. Your kick misses the blink frog.
Your peck misses the blink frog.
The blink frog is heavily wounded.
The blink frog hits you!
The blink frog blinks!
The blink frog blinks!
The blink frog completely misses you. The blink frog closely misses you.
Casting: Iskenderun's Mystic Blast (safe; 1% risk of failure)
Confirm with . or Enter, or press ? or * to list all spells.
You don't have enough magic to cast this spell.
You closely miss the blink frog. The blink frog completely misses you.
The blink frog barely misses you. The blink frog completely misses you.
The blink frog hits you!
You slash the blink frog! You freeze the blink frog.
You kill the blink frog!
Vehumet accepts your kill.
You feel your power returning. The blink frog closely misses you.
The blink frog hits you!
* * * LOW HITPOINT WARNING * * *
You slash the blink frog! You freeze the blink frog.
Your kick misses the blink frog.
The blink frog is heavily wounded.
The blink frog completely misses you. The blink frog closely misses you.
You closely miss the blink frog. Your peck misses the blink frog.
The blink frog is heavily wounded.
The blink frog hits you.
* * * LOW HITPOINT WARNING * * *
The blink frog completely misses you.
You barely miss the blink frog. Your kick misses the blink frog.
The blink frog is heavily wounded.
The blink frog hits you!
* * * LOW HITPOINT WARNING * * *
The blink frog hits you!
You die...

...................F.....
>........................
.........................
.........................
....................>...F
........†................
.........................
.........F...............
......†.@................
.........†.....†.........
.........................
.........................
.........................
.###P##.####....#.####P.#
## ### ######## ###


You could see a blink frog.

Vanquished Creatures
  2 two-headed ogres (D:9)
  Erica (Lair:1)
  Amaemon (Lair:1)
  Maurice (D:7)
  5 cane toads
  2 black mambas (Lair:1)
  A torpor snail (Lair:1)
  An orange demon (Lair:1)
  Psyche (D:8)
  Maggie (Lair:1)
  A komodo dragon (D:10)
  A troll (D:10)
  A polar bear (Lair:2)
  Grinder (D:6)
  2 hornets
  4 blink frogs (Lair:2)
  A dream sheep (D:7)
  Sigmund (D:6)
  A wyvern (Lair:2)
  18 yaks
  Grum (D:8)
  A steam dragon (D:7)
  7 water moccasins
  3 orc warriors
  An ice beast (D:7)
  A black bear (Lair:2)
  2 centaurs
  2 wolves (D:8)
  A phantom (D:6)
  10 bullfrogs
  Blork the orc (D:6)
  2 kobold brigands
  A necrophage (D:5)
  3 gnoll sergeants
  4 scorpions
  15 wights
  An electric eel (D:9)
  2 howler monkeys
  6 hounds
  2 jellies
  Crazy Yiuf (D:3)
  2 gnoll boudas (D:7)
  An orc priest (D:9)
  Natasha (D:3)
  7 orc wizards
  24 gnolls
  10 adders
  A shadow imp (D:6)
  3 white imps
  An ufetubus (D:4)
  2 worms (D:3)
  5 dart slugs
  25 orcs
  6 endoplasms
  5 giant cockroaches
  5 goblins
  7 hobgoblins
  3 jackals (D:3)
  2 quokkas
  5 ball pythons
  3 bats (D:1)
  A frilled lizard (D:1)
  19 kobolds
  5 rats
257 creatures vanquished.

Vanquished Creatures (others)
  59 fulminant prisms
  2 fungi
  4 plants
65 creatures vanquished.

Grand Total: 322 creatures vanquished

Notes
Turn   | Place    | Note
-------+----------+-------------------------------------------
     0 | D:1      | Jase the Tengu Conjurer began the quest for the Orb.
     0 | D:1      | Reached XP level 1. HP: 10/10 MP: 4/4
   219 | D:1      | Reached XP level 2. HP: 15/15 MP: 3/6
   645 | D:1      | Learned a level 2 spell: Searing Ray
   746 | D:1      | Reached skill level 6 in Conjurations
   810 | D:1      | Reached XP level 3. HP: 19/19 MP: 2/7
  1276 | D:2      | Reached XP level 4. HP: 13/24 MP: 3/9
  1694 | D:2      | Found a hide-covered altar of Uskayaw.
  2141 | D:3      | Gained mutation: Your magical nature lets you fly swiftly
                  | and evasively. [Tengu growth]
  2141 | D:3      | Reached XP level 5. HP: 28/28 MP: 7/11
  2273 | D:3      | Reached skill level 7 in Conjurations
  2349 | D:3      | Found a runed translucent door.
  2356 | D:3      | Learned a level 4 spell: Fulminant Prism
  2356 | D:3      | Noticed Crazy Yiuf
  2451 | D:3      | Learned a level 4 spell: Iskenderun's Mystic Blast
  2454 | D:3      | Found a white marble altar of Elyvilon.
  2519 | D:3      | Found a bloodstained altar of Trog.
  2818 | D:3      | Found a shimmering blue altar of Sif Muna.
  2861 | D:3      | Reached XP level 6. HP: 18/32 MP: 6/13
  3207 | D:3      | Noticed Natasha
  3211 | D:3      | Killed Natasha
  3536 | D:3      | Found a sacrificial altar of Ru.
  3643 | D:3      | Killed Crazy Yiuf
  3644 | D:3      | Reached skill level 8 in Conjurations
  4188 | D:4      | Reached XP level 7. HP: 36/36 MP: 9/15
  4721 | D:5      | Entered Level 5 of the Dungeon
  4760 | D:5      | Reached skill level 5 in Spellcasting
  4979 | D:5      | Reached skill level 9 in Conjurations
  5210 | D:5      | Found a staircase to the Ecumenical Temple.
  5219 | Temple   | Entered the Ecumenical Temple
  5244 | Temple   | Became a worshipper of Vehumet
  5555 | D:5      | Reached skill level 10 in Conjurations
  5687 | D:5      | Found a hide-covered altar of Uskayaw.
  5723 | D:5      | Found a shimmering altar of Xom.
  5903 | D:6      | Noticed Sigmund
  5927 | D:6      | Killed Sigmund
  5928 | D:6      | Reached skill level 11 in Conjurations
  5928 | D:6      | Reached XP level 8. HP: 18/41 MP: 2/16
  6031 | D:6      | Noticed Blork the orc
  6037 | D:6      | Killed Blork the orc
  6186 | D:6      | Found a hazy altar of Hepliaklqana.
  6391 | D:6      | Found an opulent altar of Gozag.
  6451 | D:6      | Reached skill level 12 in Conjurations
  6569 | D:6      | Noticed Grinder
  6585 | D:6      | Killed Grinder
  6586 | D:6      | Reached skill level 13 in Conjurations
  6790 | D:6      | Reached skill level 1 in Hexes
  6876 | D:6      | Reached XP level 9. HP: 45/45 MP: 13/17
  7132 | D:6      | Found a shadowy altar of Dithmenos.
  7568 | D:7      | Reached skill level 1 in Translocations
  7584 | D:7      | Reached skill level 14 in Conjurations
  7675 | D:7      | Found a snail-covered altar of Cheibriados.
  7864 | D:7      | Reached * piety under Vehumet
  7864 | D:7      | Offered knowledge of Foxfire by Vehumet.
  8782 | D:8      | Noticed Maurice
  8782 | D:8      | Noticed Grum
  8794 | D:7      | Killed Maurice
  8795 | D:7      | Reached skill level 5 in Dodging
  8952 | D:8      | Reached XP level 10. HP: 50/50 MP: 13/19
  8956 | D:8      | Killed Grum
  8957 | D:8      | Reached skill level 15 in Conjurations
  9073 | D:8      | Found a blossoming altar of Fedhas.
  9350 | D:8      | Noticed a boulder beetle
  9558 | D:8      | Noticed Psyche
  9568 | D:8      | Killed Psyche
 10212 | D:9      | Noticed a two-headed ogre
 10222 | D:9      | Killed a two-headed ogre
 10474 | D:9      | Paralysed by a centaur for 4 turns
 10477 | D:9      | HP: 2/50 [gnoll sergeant/+0 trident (6)]
 10680 | D:9      | Reached skill level 16 in Conjurations
 10817 | D:9      | Noticed a two-headed ogre
 11000 | D:9      | Found Walergha's Antique Weapon Emporium.
 11054 | D:9      | Found a sparkling altar of Nemelex Xobeh.
 11157 | D:9      | Offered knowledge of Scorch by Vehumet.
 11215 | D:9      | Reached ** piety under Vehumet
 11334 | D:9      | Reached skill level 1 in Fighting
 11601 | D:9      | Reached XP level 11. HP: 43/57 MP: 8/24
 11817 | D:9      | Found an ornate altar of the Wu Jian Council.
 11923 | D:9      | Killed a two-headed ogre
 12079 | D:10     | Entered Level 10 of the Dungeon
 12206 | D:10     | Found an ancient bone altar of Kikubaaqudgha.
 12234 | D:10     | Offered knowledge of Stone Arrow by Vehumet.
 12241 | D:10     | Learned a level 3 spell: Stone Arrow
 12423 | D:10     | Found Waprie's General Store.
 12434 | D:10     | Found a staircase to the Lair.
 12776 | D:10     | Reached skill level 17 in Conjurations
 13135 | Lair:1   | Entered Level 1 of the Lair of Beasts
 13302 | Lair:1   | Noticed Maggie
 13303 | Lair:1   | Noticed Amaemon
 13346 | Lair:1   | Killed Amaemon
 13491 | Lair:1   | Reached *** piety under Vehumet
 13494 | Lair:1   | Killed Maggie
 13922 | Lair:1   | Reached skill level 18 in Conjurations
 13943 | Lair:1   | Reached XP level 12. HP: 51/66 MP: 10/26
 13943 | Lair:1   | Noticed Erica
 13963 | Lair:1   | Offered knowledge of Hailstorm by Vehumet.
 13964 | Lair:1   | Killed Erica
 14690 | Lair:2   | Found a staircase to the Snake Pit.
 14708 | Lair:2   | Reached skill level 10 in Spellcasting
 14731 | Lair:2   | Slain by a blink frog

Illustrated notes

Levels and vault maps discovered:
D:1:      nzn_arrival_depleted_hourglass, layout_basic
D:2:      layout_loops_cross, basic_altar, uniq_jessica
D:3:      layout_loops_corners, elyvilon_altar_3,
          mainiacjoe_overflow_small_starburst, lemuel_tele_altar,
          nicolae_ru_the_path_less_chosen, uniq_natasha, uniq_crazy_yiuf_cottage
D:4:      layout_gridville, hangedman_feature_mirror
D:5:      layout_layer_cave, mainiacjoe_overflow_big_doors,
          minmay_temple_entry_trees
D:6:      layout_rooms, nicolae_hepliaklqana_hazy_memory,
          grunt_gozag_breadcrumbs, grunt_dithmenos_shadows, uniq_sigmund,
          uniq_grinder, uniq_blork_the_orc
D:7:      layout_loops_ring, nicolae_overflow_hidden_temple,
          dreamdust_gnoll_shepherd
D:8:      layout_loops_cross, kennysheep_mini_moat, uniq_maurice, uniq_psyche,
          uniq_grum
D:9:      layout_roguey, nzn_wu_jian_council_hall, mainiacjoe_overflow_paths,
          serial_shops, nicolae_shop_stone, fountainhead,
          chequers_decorated_corner
D:10:     layout_stronghold, nicolae_kikubaaqudgha_miasma_corner,
          lair_entry_dummy, nicolae_take_the_stairs
Temple:   hellmonk_temple_rainy
Lair:1:   layout_misc_corridors, beast_lair_carwin_4, infiniplex_staircase_pool,
          uniq_erica, uniq_amaemon, uniq_maggie
Lair:2:   layout_small_grid, minmay_shoals_entry_lonely_mermaid,
          dummy_snake_entry

Skill      XL: |  1  2  3  4  5  6  7  8  9 10 11 12 |
---------------+-------------------------------------+-----
Conjurations   | 6 7 8 11 13 14 16 18 | 18.9
Spellcasting   | 3 4 5 8 9 10 | 10.0
Hexes          | 1 2 |  2.0
Dodging        | 5 7 |  7.0
Translocations | 2 |  2.0
Fighting       | 1 4 |  4.0
Stealth        | |  2.0

Action                   |  1- 3 |  4- 6 |  7- 9 | 10-12 || total
-------------------------+-------+-------+-------+-------++-------
Melee: Whip              |       |     5 |    23 |       ||    28
       Kick              |       |     3 |     3 |    14 ||    20
       Peck              |       |       |     7 |     7 ||    14
       Scimitar          |       |       |       |    44 ||    44
Throw: Dart              |       |     1 |       |       ||     1
 Cast: Magic Dart        |    47 |    97 |    74 |    66 ||   284
       Searing Ray       |     2 |    11 |    48 |    41 ||   102
       Fulminant Prism   |       |       |     4 |    55 ||    59
       Iskenderun's Myst |       |       |     2 |    41 ||    43
       Stone Arrow       |       |       |       |    16 ||    16
  Use: Scroll            |       |       |     7 |    15 ||    22
       Potion            |       |       |       |     2 ||     2
Armor: Robe              |       |     2 |     5 |       ||     7
       Steam dragon scal |       |       |     1 |    18 ||    19
Dodge: Dodged            |     3 |     8 |    48 |   142 ||   201

Table legend: (Time is in decaauts)
 A = Elapsed time spent in this place.
 B = Non-inter-level travel time spent in this place.
 C = Inter-level travel time spent in this place.
 D = Time resting spent in this place.
 E = Time spent auto-exploring this place.
 F = Levels seen in this place.
 G = Mean time per level.
                   A        B        C        D        E       F      G
               +--------+--------+--------+--------+--------+-----+--------+
         Total |  14101 |  13665 |    436 |   4150 |   7308 |  13 | 1084.7 |
       Dungeon |  12768 |  12377 |    391 |   3729 |   6806 |  10 | 1276.8 |
        Temple |     28 |     24 |      4 |      0 |      0 |   1 |   28.0 |
          Lair |   1304 |   1264 |     40 |    421 |    501 |   2 |  652.0 |
               +--------+--------+--------+--------+--------+-----+--------+

Top non-repeatable levels by time:
     D:7: 1653 daAuts
     D:3: 1530 daAuts
     D:9: 1473 daAuts
     D:6: 1408 daAuts
     D:8: 1380 daAuts
    D:10: 1239 daAuts
  Lair:1: 1163 daAuts
     D:2: 1098 daAuts
     D:5: 1054 daAuts
     D:1: 991 daAuts
     D:4: 936 daAuts
  Lair:2: 140 daAuts
  Temple: 28 daAuts
